 Dungeon Crawl Stone Soup version 0.20.1-1-g8b1a95d (webtiles) character file.

1466 equalderp2856 the Shield-Bearer (level 8, 0/68 (69) HPs)
             Began as a Minotaur Fighter on Oct 22, 2017.
             Slain by a phantom (5 damage)
             ... on level 7 of the Dungeon.
             The game lasted 00:10:58 (5835 turns).

equalderp2856 the Shield-Bearer (Minotaur Fighter)  Turns: 5835, Time: 00:10:59

HP:   0/68 (69)     AC: 11    Str: 22    XL:     8   Next: 48%
MP:   7/7           EV: 10    Int:  5    God:
Gold: 289           SH: 11    Dex: 11    Spells: 7/7 levels left

rFire    . . .     SeeInvis .   a - +0 war axe
rCold    . . .     Gourm    .   c - +0 shield
rNeg     . . .     Faith    .   G - +0 swamp dragon scales
rPois    +         Spirit   .   (helmet restricted)
rElec    .         Reflect  .   (no cloak)
rCorr    .         Harm     .   H - +0 pair of gloves (curse)
MR       .....                  M - +0 pair of boots
Stlth    +.........             y - amulet of rage
Regen    0.3/turn               B - ring of wizardry
MPRegen  0.1/turn               (no ring)

@: no status effects
A: retaliatory headbutt, horns 2
a: Evoke Berserk Rage


You were on level 7 of the Dungeon.
You were hungry.

You visited 1 branch of the dungeon, and saw 7 of its levels.
You also visited: Sewer.

You collected 307 gold pieces.
You spent 18 gold pieces at shops.

Inventory:

Hand Weapons
 a - a +0 war axe (weapon)
 s - a +2 trident of venom
Armour
 b - a +0 scale mail
 c - a +0 shield (worn)
 G - +0 swamp dragon scales (worn)
 H - a cursed +0 pair of gloves (worn)
 M - a +0 pair of boots (worn)
Magical Staves
 v - an uncursed staff of wizardry
Jewellery
 m - an uncursed amulet of magic regeneration (quivered)
 y - an amulet of rage (around neck)
 B - a ring of wizardry (left hand)
 K - a +4 ring of protection {unknown}
 L - an uncursed amulet of faith {unknown}
Wands
 A - a wand of disintegration (0/24)
Scrolls
 e - 3 scrolls of identify
 h - 2 scrolls of random uselessness
 i - 2 scrolls of recharging
 n - 2 scrolls of remove curse
 o - 2 scrolls of fear {unknown}
 q - 4 scrolls of enchant weapon {unknown}
 r - a scroll of magic mapping {unknown}
 t - 2 scrolls of teleportation
 w - a scroll of fog {unknown}
 D - a scroll of amnesia {unknown}
 F - 3 scrolls of enchant armour {unknown}
Potions
 d - 4 potions of might
 g - 2 potions of curing
 j - 6 potions of flight
 k - 2 potions of ambrosia {unknown}
 p - a potion of haste {unknown}
 u - 4 potions of agility {unknown}
 C - 2 potions of heal wounds {unknown}
 E - a potion of invisibility {unknown}
 I - a potion of lignification {unknown}
Books
 J - a book of Maledictions

   Spells                             Type                      Level
   a - Corona                         Hexes                        1
   b - Ensorcelled Hibernation        Hexes/Ice                    2
   c - Confuse                        Hexes                        3
   d - Tukima's Dance                 Hexes                        3
   e - Dazzling Spray                 Conjuration/Hexes            3
Comestibles
 f - 5 bread rations
 l - 7 meat rations
 x - 2 fruits
 z - a royal jelly


   Skills:
 + Level 5.5 Fighting
 + Level 6.3(6.9) Axes
 + Level 4.2(5.9) Polearms
 + Level 6.5 Armour
 + Level 3.2 Dodging
 + Level 1.0 Stealth
 + Level 7.1 Shields
 + Level 0.3 Evocations


You had 7 spell levels left.
You didn't know any spells.

Dungeon Overview and Level Annotations

Branches:
Dungeon (7/15)             Temple (0/1) D:4

Altars:
Dithmenos
Kikubaaqudgha
Makhleb
Nemelex Xobeh
Okawaru
Ru
Yredelemnul
Zin
The Shining One

Shops:
D:6 [

Annotations:
D:3 1 runed door
D:5 Menkaure


Innate Abilities, Weirdness & Mutations

You reflexively headbutt those who attack you in melee.
You have a pair of horns on your head.


Message History

You block the ogre's attack.
The scorpion stings you but does no damage.
You block the phantom's attack.
Unknown command.
You hit the ogre but do no damage.
The ogre is moderately wounded.
You closely miss the phantom. You closely miss the scorpion.
You block the scorpion's attack.
The phantom blinks!
The ogre hits you with a giant club!
* * * LOW HITPOINT WARNING * * *
The scorpion stings you but does no damage.
An orc wizard comes into view. It is wielding a dagger.
The orc wizard shouts!
You slash the ogre!
The ogre is almost dead.
You closely miss the scorpion. The ogre hits you with a giant club!
* * * LOW HITPOINT WARNING * * *
The scorpion stings you but does no damage.
The phantom hits you.
You die...

#$... .....# ##..#.
......
#.....##...o#
#..#........###
##........%....#
....#....#.....#
...............#
........#W.....#
.......s@O.....#
.......[รท#.....#.>
..(....$.#.......#
.........#O....#..
...........?.?...#
...............###
.............###
.........#...#
...........#.#


You could see a phantom, an ogre, a scorpion and an orc wizard.

Vanquished Creatures
  A centaur skeleton (D:6)
  A necrophage (D:6)
  A centaur (D:6)
  2 ogres (D:6)
  2 bullfrogs
  2 howler monkeys (D:7)
  A crimson imp (D:4)
  A bullfrog zombie (D:5)
  A hound (D:6)
  2 orc priests (D:4)
  An orc wizard (D:4)
  2 iguanas
  A merfolk siren (Sewer)
  5 worker ants
  A merfolk avatar (Sewer)
  A hound skeleton (D:6)
  7 adders
  3 gnolls (D:4)
  A river rat (Sewer)
  An adder skeleton (D:6)
  A worm (D:2)
  A leopard gecko (D:3)
  12 orcs
  5 ball pythons (Sewer)
  8 bats
  3 giant cockroaches
  9 goblins
  15 hobgoblins
  6 jackals
  3 quokkas
  12 frilled lizards
  A jackal skeleton (D:6)
  8 kobolds
  30 rats
151 creatures vanquished.

Vanquished Creatures (others)
  16 toadstools (D:7)
16 creatures vanquished.

Grand Total: 167 creatures vanquished

Notes
Turn   | Place    | Note
-------+----------+-------------------------------------------
     0 | D:1      | equalderp2856 the Minotaur Fighter began the quest for the Orb.
     0 | D:1      | Reached XP level 1. HP: 19/19 MP: 0/0
   325 | D:1      | Reached XP level 2. HP: 27/27 MP: 1/1
   681 | D:2      | Reached skill level 4 in Shields
   773 | D:2      | Reached XP level 3. HP: 26/33 MP: 2/2
  1313 | D:2      | Found a sparkling altar of Nemelex Xobeh.
  1492 | D:3      | Found a shadowy altar of Dithmenos.
  1596 | D:3      | Found a glowing drain.
  1600 | Sewer    | Entered a sewer
  1675 | Sewer    | Noticed a sickly merfolk siren
  1682 | Sewer    | Reached XP level 4. HP: 36/41 MP: 3/3
  1826 | Sewer    | Noticed a malarious merfolk avatar
  1844 | Sewer    | Killed a malarious merfolk avatar
  1844 | Sewer    | Reached XP level 5. HP: 11/47 MP: 4/4
  1864 | Sewer    | HP: 2/47 [poisoned by an adder]
  2806 | D:3      | Found a runed door.
  2986 | D:4      | Reached skill level 1 in Polearms
  3021 | D:4      | Reached skill level 1 in Dodging
  3582 | D:4      | Found a staircase to the Ecumenical Temple.
  3594 | D:4      | Found a burning altar of Makhleb.
  3594 | D:4      | Noticed a blizzard demon
  3698 | D:4      | Reached XP level 6. HP: 44/53 MP: 5/5
  4207 | D:4      | Reached skill level 5 in Armour
  4210 | D:4      | Reached skill level 5 in Shields
  4474 | D:5      | Entered Level 5 of the Dungeon
  4497 | D:5      | Found an ancient bone altar of Kikubaaqudgha.
  4511 | D:5      | Noticed Menkaure
  4512 | D:5      | Noticed a sky beast
  4532 | D:5      | Found a basalt altar of Yredelemnul.
  4532 | D:5      | Found a glowing golden altar of the Shining One.
  4534 | D:5      | Found a sacrificial altar of Ru.
  4535 | D:5      | Found an iron altar of Okawaru.
  4832 | D:6      | Reached skill level 5 in Fighting
  4832 | D:6      | Reached XP level 7. HP: 61/61 MP: 6/6
  4849 | D:6      | Reached skill level 1 in Stealth
  4938 | D:6      | Found a glowing silver altar of Zin.
  4997 | D:6      | Reached skill level 6 in Shields
  5033 | D:6      | Found Lumah's Armour Shoppe.
  5041 | D:6      | Bought a cursed +0 pair of gloves for 18 gold pieces
  5324 | D:6      | Reached skill level 5 in Axes
  5324 | D:6      | Reached XP level 8. HP: 68/68 MP: 7/7
  5571 | D:7      | Reached skill level 7 in Shields
  5835 | D:7      | Slain by a phantom

Skill      XL: |  1  2  3  4  5  6  7  8 |
---------------+-------------------------+-----
Fighting       | 4 5 |  5.5
Shields        | 4 5 6 7 |  7.1
Armour         | 4 5 6 |  6.5
Axes           | 3 4 5 6 |  6.3
Polearms       | 2 3 4 |  4.2
Dodging        | 1 2 3 |  3.2
Stealth        | 1 |  1.0
Evocations     | |  0.3

Action                   |  1- 3 |  4- 6 |  7- 9 || total
-------------------------+-------+-------+-------++-------
Melee: War axe           |   135 |    43 |    76 ||   254
       Headbutt          |    10 |    45 |    18 ||    73
       Trident           |       |    47 |       ||    47
       Spear             |       |   166 |       ||   166
Evoke: Wand              |       |     1 |     2 ||     3
  Use: Scroll            |       |     5 |       ||     5
       Potion            |       |     1 |       ||     1
  Eat: Chunk             |     2 |     9 |     4 ||    15
       Fruit             |       |     1 |       ||     1
Armor: Scale mail        |    44 |    58 |       ||   102
       Swamp dragon scal |       |    16 |    41 ||    57
Dodge: Dodged            |    40 |    80 |    45 ||   165
Block: Shield            |    65 |   112 |    54 ||   231
